Map: Ascension to Aiur LE

Players

Warren - Winner!

  • Race: Zerg Zerg
  • League: Grandmaster
  • Spawn Location: 5:00

SHlTMAPS

  • Race: Zerg Zerg
  • League: Master
  • Spawn Location: 11:00

Event: HopeTL

VOD

https://www.youtube.com/watch?v=9bOc8rEuMS8&index=8&list=PL9QsjkBYtQM7NVZEDVfaNugqO61aBOlm6

Description

Time

  • Played on: Sept. 26, 2017, 7:26 p.m.
  • Length: 13:52
Show
View Real Time Build Order
Export as new Build Order

Warren Zerg - Winner!

Build Orders: Pool First 

Get SALT Encoding   

  12  0:01  Drone  
  13  0:12  Overlord  
  13  0:17  Drone  
  14  0:30  Drone x2  
  14  0:34  Drone  
  17  0:39  Extractor  
  16  0:45  Drone  
  17  0:50  Spawning Pool  
  17  0:56  Drone  
  17  1:07  Drone  
  18  1:20  Hatchery  
  17  1:37  Zergling x4  
  19  1:40  Zergling x2, Metabolic Boost  
  20  1:49  Queen  
  22  1:55  Overlord  
  22  2:10  Drone, Baneling Nest  
  22  2:15  Drone  
  23  2:22  Drone  
  24  2:26  Queen  
  26  2:34  Queen  
  28  2:40  Zergling x2  
  28  2:42  Zergling x2  
  30  2:47  Zergling x4  
  31  2:52  Evolution Chamber  
  31  2:57  Evolution Chamber  
  14  3:24  Zergling x2  
  14  3:32  Baneling  
  13  3:44  Drone x2  
  15  3:55  Drone x2  
  17  4:01  Baneling  
  15  4:15  Drone  
  16  4:21  Drone  
  16  4:23  Drone  
  18  4:30  Drone  
  19  4:35  Drone  
  20  4:42  Drone  
  21  4:46  Drone  
  21  4:49  Drone  
  23  4:53  Drone  
  24  5:02  Overlord  
  24  5:03  Drone  
  25  5:10  Drone x2  
  28  5:21  Drone x4  
  28  5:24  Drone  
  28  5:27  Drone  
  33  5:36  Drone x2  
  33  5:40  Overlord  
  35  5:48  Overlord  
  35  5:57  Lair  
  35  5:58  Drone  
  35  5:59  Drone  
  35  6:00  Drone x3  
  35  6:01  Extractor  
  35  6:03  Drone  
  35  6:04  Drone  
  41  6:05  Drone  
  42  6:13  Spine Crawler  
  41  6:20  Extractor  
  41  6:22  Drone x2  
  41  6:23  Spine Crawler, Drone x2  
  43  6:29  Overlord  
  43  6:31  Drone x2  
  43  6:32  Drone  
  46  6:44  Extractor  
  45  6:47  Overlord x2  
  45  6:48  Drone  
  45  6:49  Drone x2  
  48  7:07  Zergling x14  
  52  7:16  Zergling x2  
  52  7:17  Zergling x8  
  52  7:19  Zergling x2  
  29  7:35  Drone x3  
  26  7:48  Zergling x4  
  20  7:58  Zergling x2  
  20  7:59  Zergling x2  
  20  8:02  Baneling  
  22  8:11  Baneling  
  21  8:21  Zergling x8  
  21  8:23  Baneling  
  21  8:24  Baneling  
  25  8:29  Zergling x4  
  22  8:45  Baneling x2  
  22  8:46  Zergling x6  
  23  9:03  Zergling x6  
  23  9:08  Zergling x4  
  28  9:13  Zerg Ground Armor Level 1  
  28  9:19  Baneling x2  
  28  9:24  Baneling x2  
  28  9:29  Drone  
  28  9:30  Drone x2  
  31  9:43  Baneling x2  
  29  9:47  Baneling x2  
  29  9:52  Zergling x2  
  28  9:53  Zergling x6  
  29  10:00  Baneling x2  
  27  10:10  Zergling x8  
  30  10:23  Baneling x2  
  30  10:28  Zergling x6  
  32  10:33  Queen  
  33  10:47  Drone  
  33  10:48  Drone x3  
  35  11:10  Baneling x2  
  35  11:15  Queen  
  35  11:16  Drone x5  
  39  11:37  Baneling x2  
  39  11:39  Zergling x2  
  42  11:40  Zergling x6  
  42  11:45  Queen  
  43  12:03  Zergling x12  
  35  12:09  Zergling x2  
  35  12:12  Zergling x4  
  35  12:13  Queen  
  26  12:33  Baneling x3  
  26  12:49  Zergling x2  
  26  12:50  Zergling x4  
  28  12:55  Baneling  
  28  12:56  Baneling  
  28  13:12  Zergling x10  
  32  13:19  Drone  
  33  13:25  Zergling x4  
  35  13:30  Baneling x2  
  35  13:33  Baneling x2  
Show
View Real Time Build Order
Export as new Build Order

SHlTMAPS Zerg 

Build Orders: Pool First, Zergling Baneling 

Get SALT Encoding   

  12  0:01  Drone  
  13  0:15  Extractor  
  12  0:24  Spawning Pool  
  11  0:28  Drone  
  11  0:33  Drone  
  13  0:38  Drone  
  14  0:50  Overlord  
  14  1:12  Zergling x6  
  14  1:17  Metabolic Boost  
  17  1:23  Zergling x2  
  18  1:34  Baneling Nest  
  18  1:37  Zergling x2  
  18  1:45  Zergling x2  
  19  1:53  Queen  
  21  1:59  Zergling x2  
  22  2:09  Overlord  
  22  2:17  Baneling x3  
  22  2:20  Baneling  
  22  2:22  Baneling  
  22  2:27  Zergling x2  
  23  2:36  Zergling x2  
  24  2:46  Baneling  
  24  2:47  Baneling  
  22  2:57  Zergling x4  
  21  3:10  Zergling x4  
  17  3:24  Queen  
  17  3:25  Drone  
  17  3:36  Drone  
  18  3:46  Drone  
  19  3:54  Drone  
  16  4:11  Drone  
  16  4:16  Hatchery  
  16  4:17  Zergling x2  
  17  4:25  Zergling x2  
  18  4:36  Zergling x2  
  18  4:37  Baneling  
  19  4:41  Zergling x6  
  22  4:47  Baneling  
  22  5:01  Overlord  
  22  5:19  Queen  
  24  5:29  Zergling x8  
  27  5:39  Zergling x2  
  28  5:43  Zergling x2  
  28  5:44  Zergling x2  
  28  5:45  Zergling x4  
  32  5:50  Zergling x2  
  32  5:53  Zergling x2  
  34  6:00  Overlord  
  34  6:13  Zergling x2  
  35  6:20  Zergling x6  
  38  6:29  Zergling x6  
  41  6:40  Zergling x4  
  40  7:07  Zergling x12  
  38  7:15  Zergling x2  
  38  7:16  Zergling x2  
  38  7:26  Zergling x6  
  39  7:31  Zergling x2  
  39  7:35  Zergling x2  
  32  7:38  Baneling  
  31  7:49  Zergling x6  
  34  7:57  Zergling x2  
  34  8:02  Baneling  
  25  8:20  Zergling x10  
  25  8:21  Baneling  
  25  8:22  Baneling  
  30  8:32  Zergling x6  
  29  8:45  Zergling x6  
  30  9:00  Zergling x6  
  32  9:05  Zergling x4  
  32  9:07  Baneling  
  32  9:09  Baneling  
  34  9:14  Baneling  
  34  9:15  Baneling x2  
  34  9:17  Baneling  
  34  9:19  Baneling  
  34  9:27  Zergling x4  
  34  9:29  Baneling  
  34  9:31  Baneling  
  32  9:46  Zergling x8  
  32  9:51  Baneling  
  22  10:31  Zergling x12  
  22  10:32  Zergling x10  
  32  10:45  Zergling x4  
  34  10:50  Baneling x3  
  34  10:53  Baneling  
  34  11:03  Zergling x6  
  37  11:14  Zergling x6  
  29  12:06  Zergling x20  
  32  12:20  Zergling x4  
  20  12:59  Drone x6  
  26  13:05  Baneling  
  23  13:18  Baneling  
  23  13:19  Baneling  
  23  13:21  Baneling  
Tags
 
Add a new tag
Caveats
  • Supply blocks, unpowered buildings, or Contaminate may cause inaccurate times.
  • Supply counts are checked every 10 seconds.